 Dungeon Crawl Stone Soup version 0.22-a0-877-g5c4e1afb51 (console) character file.

167 Lexodia the Cudgeler (level 5, -3/81 HPs)
             Began as an Ogre Berserker on July 29, 2018.
             Was a Priest of Trog.
             Slain by an orc
             ... wielding a +0 flail
              (8 damage)
             ... on level 3 of the Dungeon.
             The game lasted 00:04:03 (2042 turns).

Lexodia the Cudgeler (Ogre Berserker)               Turns: 2042, Time: 00:04:04

Health: -3/81      AC:  3    Str: 27    XL:     5   Next: 48%
Magic:  5/5        EV: 10    Int:  8    God:    Trog [***...]
Gold:   95         SH:  0    Dex:  8    Spells: 4/4 levels left

rFire    . . .     SeeInvis .   n - +1 mace (crush)
rCold    . . .     Gourm    .   (no shield)
rNeg     . . .     Faith    .   b - +0 animal skin
rPois    .         Spirit   .   (helmet restricted)
rElec    .         Reflect  .   (no cloak)
rCorr    .         Harm     .   (gloves unavailable)
MR       .....                  (boots unavailable)
Stlth    ..........             (no amulet)
HPRegen  0.23/turn              j - ring of wizardry
MPRegen  0.09/turn              (no ring)

@: berserking, very quick
A: large, unfitting armour, tough skin 1
a: Berserk, Trog's Hand, Renounce Religion


You were on level 3 of the Dungeon.
You worshipped Trog.
Trog was most pleased with you.
You were hungry.

You visited 1 branch of the dungeon, and saw 3 of its levels.

You collected 95 gold pieces.

Inventory:

Hand Weapons
 a - a +0 mace
 n - a +1 mace of crushing (weapon)
Armour
 b - a +0 animal skin (worn)
Jewellery
 j - a ring of wizardry (left hand)
Wands
 q - a wand of disintegration (17)
Scrolls
 d - a scroll of remove curse {unknown}
 f - 3 scrolls of amnesia {unknown}
 i - a scroll of blinking {unknown}
 k - a scroll of enchant weapon {unknown}
 m - a scroll of teleportation {unknown}
 o - a scroll of fog {unknown}
Potions
 e - a potion of mutation {unknown}
 g - a potion of degeneration {unknown}
 h - a potion of flight {unknown}
 p - a potion of haste {unknown}
Comestibles
 c - 6 rations
 l - a chunk of flesh


   Skills:
 - Level 4.0 Fighting
 + Level 5.3 Maces & Flails
 - Level 3.0 Dodging


You had 4 spell levels left.
You didn't know any spells.
Your spell library was empty.

Dungeon Overview and Level Annotations

Branches:
Dungeon (3/15)

Altars:
Ru
Vehumet


Innate Abilities, Weirdness & Mutations

You are too large for most types of armour.
You have tough skin. (AC +1)


Message History

The orc hits you but does no damage.
Huge Dmg: -13%(-7hp) hp: 21%(11hp)
A red film seems to cover your vision as you go berserk!
You feel yourself moving faster!
You feel mighty!
You are feeling hungry.
The orc hits you with a flail!
* * * LOW HITPOINT WARNING * * *
The orc priest hits you with a flail.
* * * LOW HITPOINT WARNING * * *
The orc barely misses you.
Huge Dmg: -9%(-7hp) hp: 5%(4hp)
You bludgeon the orc priest!!
You kill the orc priest!
Trog accepts your kill. The orc hits you but does no damage.
You sock the orc!
You kill the orc!
Trog accepts your kill. The orc hits you with a flail!
You die...

.. ########.# #.#
#........#
#.##..8...8..##
##.#$..........#
####..#o..........#
......#
..........##.##
###.#.#
..8...8.....?..
#...###......))#
###..#########@#
##..........o#
####.######## #.#
#.# #########.#
.......##.#
.....>.##.#
.......##.#######.#


You could see an orc.

Vanquished Creatures
  An orc priest (D:3)
  An orc wizard (D:2)
  4 adders (D:2)
  A worm (D:2)
  3 dart slugs (D:1)
  3 leopard geckos (D:1)
  3 orcs (D:3)
  6 bats
  3 giant cockroaches
  5 goblins
  3 hobgoblins
  9 jackals
  7 kobolds
  2 quokkas (D:2)
  A ball python (D:3)
  6 frilled lizards
  6 rats
64 creatures vanquished.

Notes
Turn   | Place    | Note
-------+----------+-------------------------------------------
     0 | D:1      | Lexodia the Ogre Berserker began the quest for the Orb.
     0 | D:1      | Reached XP level 1. HP: 24/24 MP: 1/1
    89 | D:1      | Reached skill level 3 in Maces & Flails
    89 | D:1      | Reached XP level 2. HP: 32/32 MP: 2/2
   458 | D:1      | Reached XP level 3. HP: 39/39 MP: 3/3
   992 | D:2      | Huge Dmg: 7 dmg
  1238 | D:2      | Reached ** piety under Trog
  1238 | D:2      | Reached skill level 4 in Maces & Flails
  1310 | D:2      | Found a radiant altar of Vehumet.
  1329 | D:2      | Reached XP level 4. HP: 35/48 MP: 4/4
  1628 | D:2      | Found a sacrificial altar of Ru.
  1726 | D:2      | You fall through a shaft!
  1737 | D:3      | Reached XP level 5. HP: 54/54 MP: 5/5
  1771 | D:3      | Reached skill level 5 in Maces & Flails
  2031 | D:3      | Huge Dmg: 15 dmg
  2039 | D:3      | Huge Dmg: 8 dmg
  2040 | D:3      | Huge Dmg: 7 dmg
  2040 | D:3      | HP: 4/81 [orc priest/flail (5)]
  2041 | D:3      | Huge Dmg: 7 dmg
  2041 | D:3      | Reached *** piety under Trog
  2042 | D:3      | Slain by an orc

Vault maps used:
D:1:      dpeg_arrival_windows_large_door, corexii_corridor_pit,
          item_on_display_a
D:2:      nicolae_ru_great_annihilating_truth, overflow_temple_1_default,
          first_ration
D:3:      cheibrodos_pilgrimage, lemuel_zombie_altar_yredelemnul

Skill      XL: |  1  2  3  4  5 |
---------------+----------------+-----
Maces & Flails | 3 4 5 |  5.3
Dodging        | 3 |  3.0
Fighting       | |  4.0

Action                   |  1- 3 |  4- 6 || total
-------------------------+-------+-------++-------
Melee: Mace              |    87 |    88 ||   175
Invok: Berserk           |       |     1 ||     1
 Stab: Sleeping          |     1 |       ||     1
       Paralysed         |       |     2 ||     2
  Eat: Chunk             |     1 |     3 ||     4
Armor: Animal skin       |    25 |    43 ||    68
Dodge: Dodged            |    56 |    48 ||   104

Table legend:
 A = Spawn XP
 B = Non-spawn XP
 C = Spawn XP percentage of total XP
 D = Spawn monster count
 E = Non-spawn monster count
 F = Spawn count percentage of total count
 G = Total turns spent on level
                    A         B        C        D         E        F      G
               +---------+---------+-------+---------+---------+-------+---------
         Total |       0 |     239 |   0.0 |       0 |      64 |   0.0 |  2042
               +---------+---------+-------+---------+---------+-------+---------
           D:1 |       0 |      40 |   0.0 |       0 |      19 |   0.0 |   851
           D:2 |       0 |     127 |   0.0 |       0 |      28 |   0.0 |  1031
           D:3 |       0 |      72 |   0.0 |       0 |      17 |   0.0 |   160
               +---------+---------+-------+---------+---------+-------+---------
